| TOP OF THE 1ST |
|
Pulaski Yankees batting - Pitching for Great Falls Voyagers : RHP Ryan Burson
|
|
Pitching: RHP Ryan Burson
|
|
|
Batting: LHB Carlos Palau
|
0-0: Swinging Strike 0-1: Fly out, F9 (Flyball, 9D, EV 103.1 MPH)
|
|
Batting: LHB Chris Viehman
|
0-0: Called Strike 0-1: Ball 1-1: Swinging Strike 1-2: DOUBLE (Line Drive, 89D, EV 103.8 MPH)
|
|
Batting: RHB Yasuoka Tsuda
|
0-0: Called Strike 0-1: Ball 1-1: Swinging Strike 1-2: Strikes out swinging
|
|
Batting: RHB Ken Stair
|
0-0: Ball 1-0: Ball 2-0: Foul Ball, location: 2F 2-1: Ball 3-1: Called Strike 3-2: Foul Ball, location: 2F 3-2: Base on Balls
|
|
Batting: RHB Michael Patterson
|
0-0: Swinging Strike 0-1: Foul Ball, location: 2F 0-2: Ball 1-2: Strikes out swinging
|
| Top of the 1st over - 0 runs, 1 hit, 0 errors, 2 left on base; Pulaski 0 - Great Falls 0 |
| BOTTOM OF THE 1ST |
|
Great Falls Voyagers batting - Pitching for Pulaski Yankees : LHP Sergio Huerta
|
|
Pitching: LHP Sergio Huerta
|
|
|
Batting: RHB Andy Cotton
|
0-0: Ball 1-0: Ball 2-0: Foul Ball, location: 2F 2-1: Ball 3-1: Base on Balls
|
|
Batting: RHB Russ Cornett
|
0-0: Ball Pickoff Throw to First - Out! 1-3 1-0: Ground out 6-3 (Groundball, 6, EV 84.4 MPH)
|
|
Batting: RHB Mitch Cuadros
|
0-0: Ball 1-0: Called Strike 1-1: Ball 2-1: Ball 3-1: Foul Ball, location: 2F 3-2: Foul Ball, location: 2F 3-2: Foul Ball, location: 2F 3-2: Foul Ball, location: 2F 3-2: Base on Balls
|
|
Batting: RHB Billy Grubbs
|
0-0: Ball 1-0: Ball 2-0: Ball 3-0: Called Strike 3-1: Base on Balls Mitch Cuadros to second
|
|
Batting: RHB Francisco Marin
|
0-0: Ball 1-0: Foul Ball, location: 2F 1-1: Ball 2-1: Ground out 4-3 (Groundball, 4, EV 82.5 MPH)
|
| Bottom of the 1st over - 0 runs, 0 hits, 0 errors, 2 left on base; Pulaski 0 - Great Falls 0 |
| TOP OF THE 2ND |
|
Pulaski Yankees batting - Pitching for Great Falls Voyagers : RHP Ryan Burson
|
|
Pitching: LHP Phil Peterson
|
|
|
Batting: RHB Paul Ngumi
|
0-0: Called Strike 0-1: Ball 1-1: Ball 2-1: Foul Ball, location: 2F 2-2: Strikes out swinging
|
|
Batting: LHB Troy Jones
|
0-0: Foul Ball, location: 2F 0-1: Ball 1-1: Foul Ball, location: 2F 1-2: Ground out U3 (Groundball, 3, EV 100.6 MPH)
|
|
Batting: RHB Edwin Sierra
|
0-0: Called Strike 0-1: Swinging Strike 0-2: Strikes out looking
|
| Top of the 2nd over - 0 runs, 0 hits, 0 errors, 0 left on base; Pulaski 0 - Great Falls 0 |
| BOTTOM OF THE 2ND |
|
Great Falls Voyagers batting - Pitching for Pulaski Yankees : LHP Sergio Huerta
|
|
Batting: RHB Tommy Ellington
|
0-0: Swinging Strike 0-1: Swinging Strike 0-2: Ball 1-2: Ball 2-2: Ball 3-2: Strikes out swinging
|
|
Batting: RHB David Laureano
|
0-0: Swinging Strike 0-1: Ground out 5-3 (Groundball, 56S, EV 67.5 MPH)
|
|
Batting: RHB Enrique Gomez
|
0-0: Ball 1-0: Called Strike 1-1: Called Strike 1-2: Strikes out swinging
|
| Bottom of the 2nd over - 0 runs, 0 hits, 0 errors, 0 left on base; Pulaski 0 - Great Falls 0 |
| TOP OF THE 3RD |
|
Pulaski Yankees batting - Pitching for Great Falls Voyagers : LHP Phil Peterson
|
|
Batting: RHB Mustafa bin Gamali
|
0-0: Called Strike 0-1: SINGLE (Groundball, 4MD, EV 101.2 MPH)
|
|
Batting: LHB Carlos Palau
|
0-0: Foul Ball, location: 2F 0-1: Ball 1-1: Ball 2-1: Ball 3-1: Foul Ball, location: 2F 3-2: Foul Ball, location: 2F 3-2: Fly out, F8 (Flyball, 8LD, EV 105.0 MPH)
|
|
Batting: LHB Chris Viehman
|
0-0: Called Strike 0-1: Ball 1-1: Ball 2-1: Swinging Strike 2-2: Foul Ball, location: 2F 2-2: Strikes out looking
|
|
Batting: RHB Yasuoka Tsuda
|
0-0: Ball 1-0: Ball 2-0: Called Strike 2-1: Swinging Strike 2-2: Strikes out swinging
|
| Top of the 3rd over - 0 runs, 1 hit, 0 errors, 1 left on base; Pulaski 0 - Great Falls 0 |
| BOTTOM OF THE 3RD |
|
Great Falls Voyagers batting - Pitching for Pulaski Yankees : LHP Sergio Huerta
|
|
Batting: LHB Jose Pereyra
|
0-0: Swinging Strike 0-1: Called Strike 0-2: Ball 1-2: Strikes out swinging
|
|
Batting: RHB Andy Cotton
|
0-0: Called Strike 0-1: Ball 1-1: Ball 2-1: Foul Ball, location: 2F 2-2: SOLO HOME RUN (Flyball, 8LXD, EV 106.2 MPH), Distance : 430 ft
|
|
Batting: RHB Russ Cornett
|
0-0: Fly out, F8 (Line Drive, 8LD, EV 99.4 MPH)
|
|
Batting: RHB Mitch Cuadros
|
0-0: SINGLE (Groundball, 3D, EV 96.2 MPH)
|
|
Batting: RHB Billy Grubbs
|
0-0: Called Strike 0-1: Called Strike 0-2: SINGLE (Flyball, 34D, EV 95.0 MPH) Mitch Cuadros to second
|
|
Batting: RHB Francisco Marin
|
0-0: Called Strike 0-1: Swinging Strike 0-2: Ball 1-2: Ball 2-2: Fielders Choice at 2nd, 6-4 (Groundball, 6, EV 86.9 MPH)
|
| Bottom of the 3rd over - 1 run, 3 hits, 0 errors, 2 left on base; Pulaski 0 - Great Falls 1 |
| TOP OF THE 4TH |
|
Pulaski Yankees batting - Pitching for Great Falls Voyagers : LHP Phil Peterson
|
|
Batting: RHB Ken Stair
|
0-0: Ball 1-0: Called Strike 1-1: Swinging Strike 1-2: Strikes out swinging
|
|
Batting: RHB Michael Patterson
|
0-0: Called Strike 0-1: Ball 1-1: DOUBLE (Line Drive, 89D, EV 105.6 MPH)
|
|
Batting: RHB Paul Ngumi
|
0-0: Ball 1-0: Called Strike 1-1: Ball 2-1: Foul Ball, location: 2F 2-2: Strikes out swinging
|
|
Batting: LHB Troy Jones
|
0-0: Called Strike 0-1: Swinging Strike 0-2: Ball 1-2: Foul Ball, location: 2F 1-2: Foul Ball, location: 2F 1-2: Strikes out looking
|
| Top of the 4th over - 0 runs, 1 hit, 0 errors, 1 left on base; Pulaski 0 - Great Falls 1 |
| BOTTOM OF THE 4TH |
|
Great Falls Voyagers batting - Pitching for Pulaski Yankees : LHP Sergio Huerta
|
|
Batting: RHB Tommy Ellington
|
0-0: Called Strike 0-1: Foul Ball, location: 2F 0-2: Ball 1-2: Ground out 4-3 (Groundball, 4, EV 78.1 MPH)
|
|
Batting: RHB David Laureano
|
0-0: Foul Ball, location: 2F 0-1: Called Strike 0-2: Ball 1-2: Foul Ball, location: 2F 1-2: Ball 2-2: Foul Ball, location: 2F 2-2: Ball 3-2: Base on Balls
|
|
Batting: RHB Enrique Gomez
|
0-0: Called Strike 0-1: Hit by Pitch David Laureano to second
|
|
Batting: LHB Jose Pereyra
|
0-0: Reached on error, E5 (Groundball, 15, EV 90.0 MPH) David Laureano to third Enrique Gomez to second
|
|
Batting: RHB Andy Cotton
|
0-0: Ball 1-0: Ball 2-0: Ball 3-0: Base on Balls David Laureano scores Enrique Gomez to third Jose Pereyra to second
|
|
Pitching: RHP Yoshida Abe
|
|
|
Batting: RHB Russ Cornett
|
0-0: Called Strike 0-1: Ball 1-1: Foul Ball, location: 2F 1-2: Foul Ball, location: 2F 1-2: Ball 2-2: Ball 3-2: Base on Balls Enrique Gomez scores Jose Pereyra to third Andy Cotton to second
|
|
Batting: RHB Mitch Cuadros
|
0-0: Foul Ball, location: 2F 0-1: Foul Ball, location: 2F 0-2: Foul Ball, location: 2F 0-2: Ball 1-2: Foul Ball, location: 2F 1-2: Fly out, F9 (Flyball, 9LS, EV 78.1 MPH)
|
|
Batting: RHB Billy Grubbs
|
0-0: Foul Ball, location: 2F 0-1: Ball 1-1: Called Strike 1-2: Strikes out swinging
|
| Bottom of the 4th over - 2 runs, 0 hits, 1 error, 3 left on base; Pulaski 0 - Great Falls 3 |
| TOP OF THE 5TH |
|
Pulaski Yankees batting - Pitching for Great Falls Voyagers : LHP Phil Peterson
|
|
Batting: RHB Edwin Sierra
|
0-0: Called Strike 0-1: Fly out, F7 (Line Drive, 78D, EV 105.0 MPH)
|
|
Batting: RHB Mustafa bin Gamali
|
0-0: Called Strike 0-1: Ground out 1-3 (Groundball, 13S, EV 70.6 MPH)
|
|
Batting: LHB Carlos Palau
|
0-0: Called Strike 0-1: Called Strike 0-2: Ball 1-2: Ball 2-2: Fly out, F7 (Flyball, 7LM, EV 86.2 MPH)
|
| Top of the 5th over - 0 runs, 0 hits, 0 errors, 0 left on base; Pulaski 0 - Great Falls 3 |
| BOTTOM OF THE 5TH |
|
Great Falls Voyagers batting - Pitching for Pulaski Yankees : RHP Yoshida Abe
|
|
Batting: RHB Francisco Marin
|
0-0: Ball 1-0: Ball 2-0: Foul Ball, location: 2F 2-1: Called Strike 2-2: Ball 3-2: Base on Balls
|
|
Batting: RHB Tommy Ellington
|
0-0: Called Strike 0-1: Ball 1-1: Fielders Choice at 2nd, 6-4 (Groundball, 6, EV 90.0 MPH)
|
|
Batting: RHB David Laureano
|
0-0: Foul Ball, location: 2F 0-1: Ball 1-1: Swinging Strike 1-2: Ball 2-2: Ball 3-2: Base on Balls Tommy Ellington to second
|
|
Batting: RHB Enrique Gomez
|
0-0: Ball 1-0: Called Strike 1-1: SINGLE (Line Drive, 9LS, EV 94.4 MPH) Tommy Ellington to third David Laureano to second Runner from 3rd tries for Home, SAFE, throw by RF to home
|
|
Batting: LHB Jose Pereyra
|
0-0: Called Strike 0-1: Ball 1-1: Called Strike 1-2: Ball 2-2: Ball 3-2: Foul Ball, location: 2F 3-2: Strikes out swinging
|
|
Batting: RHB Andy Cotton
|
0-0: Called Strike 0-1: Foul Ball, location: 2F 0-2: Ball 1-2: SINGLE (Line Drive, 56, EV 100.6 MPH) David Laureano to third Enrique Gomez to second
|
|
Batting: RHB Russ Cornett
|
0-0: Ball 1-0: Fly out, F8 (Flyball, 8RD, EV 88.1 MPH)
|
| Bottom of the 5th over - 1 run, 2 hits, 0 errors, 3 left on base; Pulaski 0 - Great Falls 4 |
| TOP OF THE 6TH |
|
Pulaski Yankees batting - Pitching for Great Falls Voyagers : LHP Phil Peterson
|
|
Pitching: LHP Juan Fuentes
|
|
|
Batting: LHB Chris Viehman
|
0-0: Ground out U3 (Groundball, 34S, EV 88.1 MPH)
|
|
Batting: RHB Yasuoka Tsuda
|
0-0: Called Strike 0-1: Called Strike 0-2: Strikes out swinging
|
|
Batting: RHB Ken Stair
|
0-0: Foul Ball, location: 2F 0-1: Ball 1-1: Called Strike 1-2: Strikes out swinging
|
| Top of the 6th over - 0 runs, 0 hits, 0 errors, 0 left on base; Pulaski 0 - Great Falls 4 |
| BOTTOM OF THE 6TH |
|
Great Falls Voyagers batting - Pitching for Pulaski Yankees : RHP Yoshida Abe
|
|
Pitching: RHP Jon Campbell
|
|
|
Batting: RHB Mitch Cuadros
|
0-0: Ball 1-0: Ball 2-0: Foul Ball, location: 2F 2-1: Ground out 5-3 (Groundball, 56, EV 81.2 MPH)
|
|
Batting: RHB Billy Grubbs
|
0-0: Ball 1-0: Foul Ball, location: 2F 1-1: Foul Ball, location: 2F 1-2: Fly out, F7 (Flyball, 7LS, EV 81.9 MPH)
|
|
Batting: RHB Francisco Marin
|
0-0: Called Strike 0-1: Ball 1-1: Foul Ball, location: 2F 1-2: Ball 2-2: Foul Ball, location: 5F, Error on foul ball, E5 2-2: Foul Ball, location: 2F 2-2: Ball 3-2: Foul Ball, location: 2F 3-2: Fly out, F8 (Flyball, 8LD, EV 101.2 MPH)
|
| Bottom of the 6th over - 0 runs, 0 hits, 1 error, 0 left on base; Pulaski 0 - Great Falls 4 |
| TOP OF THE 7TH |
|
Pulaski Yankees batting - Pitching for Great Falls Voyagers : LHP Juan Fuentes
|
|
Batting: RHB Michael Patterson
|
0-0: Called Strike 0-1: Ball 1-1: Called Strike 1-2: Ball 2-2: Foul Ball, location: 2F 2-2: Strikes out swinging
|
|
Batting: RHB Paul Ngumi
|
0-0: Ball 1-0: Called Strike 1-1: Ball 2-1: Ball 3-1: Base on Balls
|
|
Batting: LHB Troy Jones
|
0-0: Called Strike Paul Ngumi is caught stealing 2nd base 2-6 0-1: Ball 1-1: Ball 2-1: Fly out, F8 (Flyball, 78M, EV 81.9 MPH)
|
| Top of the 7th over - 0 runs, 0 hits, 0 errors, 0 left on base; Pulaski 0 - Great Falls 4 |
| BOTTOM OF THE 7TH |
|
Great Falls Voyagers batting - Pitching for Pulaski Yankees : RHP Jon Campbell
|
|
Pitching: LHP Matt Cusatis
|
|
|
Batting: RHB Tommy Ellington
|
0-0: Ball 1-0: Called Strike 1-1: Ball 2-1: Foul Ball, location: 2F 2-2: Reached on error, E5 (Groundball, 56S, EV 85.0 MPH)
|
|
Batting: RHB David Laureano
|
0-0: Fly out, F7 (Flyball, 78D, EV 101.9 MPH)
|
|
Batting: RHB Enrique Gomez
|
0-0: Ball 1-0: Swinging Strike 1-1: Ball 2-1: Fly out, F7 (Flyball, 78D, EV 105.6 MPH)
|
|
Batting: LHB Jose Pereyra
|
0-0: Ball Passed Ball! Tommy Ellington to second 1-0: Foul Ball, location: 2F 1-1: Foul Ball, location: 2F 1-2: Ball 2-2: Strikes out looking
|
| Bottom of the 7th over - 0 runs, 0 hits, 1 error, 1 left on base; Pulaski 0 - Great Falls 4 |
| TOP OF THE 8TH |
|
Pulaski Yankees batting - Pitching for Great Falls Voyagers : LHP Juan Fuentes
|
|
Batting: RHB Edwin Sierra
|
0-0: Called Strike 0-1: Called Strike 0-2: Strikes out swinging
|
|
Batting: RHB Mustafa bin Gamali
|
0-0: Called Strike 0-1: Swinging Strike 0-2: Strikes out swinging
|
|
Batting: LHB Carlos Palau
|
0-0: Ball 1-0: Called Strike 1-1: Fly out, F8 (Flyball, 8RD, EV 105.6 MPH)
|
| Top of the 8th over - 0 runs, 0 hits, 0 errors, 0 left on base; Pulaski 0 - Great Falls 4 |
| BOTTOM OF THE 8TH |
|
Great Falls Voyagers batting - Pitching for Pulaski Yankees : LHP Matt Cusatis
|
|
Batting: RHB Andy Cotton
|
0-0: Ball 1-0: Foul Ball, location: 2F 1-1: Called Strike 1-2: Ground out 5-3 (Groundball, 56S, EV 85.0 MPH)
|
|
Batting: RHB Russ Cornett
|
0-0: Swinging Strike 0-1: SINGLE (Flyball, 78S, EV 99.4 MPH)
|
|
Batting: RHB Mitch Cuadros
|
0-0: Called Strike 0-1: Foul Ball, location: 2F 0-2: SINGLE (Groundball, 34D, EV 100.0 MPH) Russ Cornett to second Runner from 2nd tries for 3rd, SAFE, throw by RF made to third
|
|
Pitching: RHP Manny de la Cruz
|
|
|
Batting: RHB Billy Grubbs
|
0-0: Called Strike 0-1: Foul Ball, location: 2F 0-2: Ball 1-2: Ball 2-2: Ball 3-2: Fly out, F7 (Flyball, 78D, EV 101.9 MPH) Runner from 3rd tags up, OUT at HOME! 7-2
|
| Bottom of the 8th over - 0 runs, 2 hits, 0 errors, 1 left on base; Pulaski 0 - Great Falls 4 |
| TOP OF THE 9TH |
|
Pulaski Yankees batting - Pitching for Great Falls Voyagers : LHP Juan Fuentes
|
|
Batting: LHB Chris Viehman
|
0-0: Ball 1-0: SINGLE (Groundball, 25, EV 66.9 MPH) (infield hit)
|
|
Batting: RHB Yasuoka Tsuda
|
0-0: DOUBLE (Flyball, 89D, EV 100.0 MPH) Chris Viehman to third
|
|
Pitching: RHP Toyotoshi Matsui
|
|
|
Batting: LHB Justin Short
|
0-0: Ball 1-0: Ball 2-0: Ball 3-0: Called Strike 3-1: Fly out, F3 (Popup, 3F, EV 59.4 MPH)
|
|
Batting: RHB Michael Patterson
|
0-0: Ball 1-0: Swinging Strike 1-1: Swinging Strike 1-2: Ball 2-2: Ball 3-2: Base on Balls
|
|
Batting: RHB Paul Ngumi
|
0-0: Called Strike 0-1: Swinging Strike 0-2: Ball 1-2: Foul Ball, location: 2F 1-2: Foul Ball, location: 2F 1-2: Strikes out swinging
|
|
Batting: LHB Troy Jones
|
0-0: Foul Ball, location: 2F 0-1: Fly out, F8 (Flyball, 8LD, EV 103.1 MPH)
|
| Top of the 9th over - 0 runs, 2 hits, 0 errors, 3 left on base; Pulaski 0 - Great Falls 4 |
|